Cogmind - Beta 10.2 @@@ ROGUE MODE // 2021.09.18 @ 18:42:44 Player: epillipses Result: Destroyed by G-34 Mercenary with Small Laser Performance ------------- Evolutions (0) 0 Regions Visited (2) 400 Robots Destroyed (4) 20 Value Destroyed (104) 104 Prototype IDs (0) 0 Alien Tech Used (0) 0 Bonus (0) 0 TOTAL SCORE: 524 Bonus ------- None Cogmind --------- Core Integrity 0/250 Matter 264/300 Energy 85/100 System Corruption 0% Temperature Cool (6) Movement Walking (120) Location -10/Mines Parts ------- > --- POWER (1) -------- (None) > --- PROPULSION (2) --- Carbon-fiber Leg Carbon-fiber Leg > --- UTILITY (2) ------ Small Storage Unit Utility Shielding > --- WEAPON (2) ------- (None) > --- INVENTORY (6) ---- Ion Engine Wheel Medium Matter Pod (99) Seismic Analyzer Peak State ------------ > --- POWER ------------ (None) > --- PROPULSION ------- Carbon-fiber Leg Carbon-fiber Leg > --- UTILITY ---------- Small Storage Unit Utility Shielding > --- WEAPON ----------- (None) > --- INVENTORY -------- Ion Engine Wheel Medium Matter Pod Seismic Analyzer [Rating: 8] Favorites ----------- Power Ion Engine Engine Ion Engine Propulsion Wheel Leg Carbon-fiber Leg Wheel Wheel Utility Small Storage Unit Device Tractor Beam Storage Small Storage Unit Processor Targeting Computer Protection Utility Shielding Weapon EM Pulse Gun Energy Gun EM Pulse Gun Ballistic Gun Assault Rifle Build | -11 -10 -10 ------- Run | Scr Mat Min Slots Evolved . | . . . Power . | . . . Propulsion . | . . . Utility . | . . . Weapon . | . . . Parts Attached 13 | 5 1 7 Power 1 | 1 . . Engine 1 | 1 . . Core . | . . . Reactor . | . . . Propulsion 5 | 2 . 3 Treads . | . . . Leg 2 | . . 2 Wheel 3 | 2 . 1 Hover . | . . . Flight . | . . . Utility 4 | 1 1 2 Device 1 | . 1 . Storage 1 | 1 . . Processor 1 | . . 1 Hackware . | . . . Protection 1 | . . 1 Artifact . | . . . Weapon 3 | 1 . 2 Energy Gun 2 | 1 . 1 Energy Cannon . | . . . Ballistic Gun 1 | . . 1 Ballistic Cannon . | . . . Launcher . | . . . Special Weapon . | . . . Impact Weapon . | . . . Slashing Weapon . | . . . Piercing Weapon . | . . . Special Melee Weapon . | . . . Unidentified Prototypes . | . . . Parts Lost 8 | . . 8 Power 1 | . . 1 Propulsion 2 | . . 2 Utility 2 | . . 2 Weapon 3 | . . 3 Highest Loss Streak 8 | . . 8 Average Slot Usage (%) 77 | . 83 75 Engine 13 | . 14 13 Wheel 24 | . 28 22 Device 12 | . 12 12 Storage 14 | . 14 14 Energy Gun 11 | . 14 9 Naked Turns . | . . . Heaviest Build 12 | 11 12 12 Greatest Support 20 | 20 20 20 Greatest Overweight (x) 2 | . . 2 Average Overweight (x) . | . . . Largest Inventory Capacity 6 | 6 6 6 Average Capacity 5 | 4 6 6 Most Carried 4 | 1 3 4 Average Carried 2 | . 1 3 Final Capacity 6 | 6 6 6 Final Carried 4 | 1 3 4 Class Distribution -------------------- 100% | Mutant Dominant Class ---------------- Mutant | -10/Materials Mutant | -10/Mines Resources | -11 -10 -10 ----------- Run | Scr Mat Min Matter Collected 348 | 208 52 88 Remotely 140 | . 52 88 Salvage Created 108 | . 108 . Parts 4 | . 4 . Haulers Intercepted . | . . . Recyclers Shooed 1 | . . 1 Parts Field Recycled . | . . . Retrieved Matter . | . . . Parts Self-Destructed . | . . . Prevented . | . . . Kills | -11 -10 -10 ------- Run | Scr Mat Min Combat Hostiles Destroyed 2 | . 2 . AOE 2 | . 2 . Classes Destroyed 3 | . 3 . Tunneler 1 | . 1 . Watcher 1 | . 1 . Grunt 2 | . 2 . Best Kill Streak 3 | . 3 . Combat Bots Only 2 | . 2 . Max Kills in Single Turn 3 | . 3 . Gunslinging . | . . . Exploded 2 | . 2 . Melee . | . . . Uniques/NPCs Destroyed . | . . . Combat | -11 -10 -10 -------- Run | Scr Mat Min Damage Taken 703 | . . 703 Core 256 | . . 256 Absorbed by Shields . | . . . Core Remaining (%) 100 | 100 . . Volleys Fired 25 | . 13 12 Largest 1 | . 1 1 Hottest 40 | . 40 40 Shots Fired 25 | . 13 12 Gun 25 | . 13 12 Cannon . | . . . Launcher . | . . . Special . | . . . Kinetic 3 | . . 3 Thermal 2 | . . 2 Explosive . | . . . Electromagnetic 20 | . 13 7 Robot Hit Streak 5 | . 5 5 Robot Miss Streak 2 | . 2 2 Penetration Max . | . . . Secondary Targets . | . . . Shots Hit Robots 16 | . 8 8 Core Hits 7 | . 3 4 Critical Hits . | . . . Critical Kills . | . . . Critical Parts Destroyed . | . . . Melee Attacks . | . . . Impact . | . . . Slashing . | . . . Piercing . | . . . Sneak Attacks . | . . . Combat Hostiles . | . . . Follow-up Attacks . | . . . Damage Inflicted 390 | . 265 125 Guns 278 | . 159 119 Cannons . | . . . Explosions 106 | . 106 . Melee . | . . . Ramming 6 | . . 6 Kinetic 41 | . . 41 Thermal 128 | . 106 22 Explosive . | . . . Electromagnetic 215 | . 159 56 Impact . | . . . Slashing . | . . . Piercing . | . . . Highest Corruption . | . . . Average Corruption . | . . . Corruption Purged . | . . . Overload Shots . | . . . Overflow Damage . | . . . Projectiles . | . . . Explosions . | . . . Melee . | . . . Knockbacks . | . . . Impact . | . . . Kinetic . | . . . Secondary . | . . . Self-Inflicted Damage 2 | . . 2 Shots . | . . . Rammed 4 | . . 4 Targets Rammed 4 | . . 4 Kicked . | . . . Crushed . | . . . Highest Temperature 69 | . . 69 Average Temperature 29 | . . 29 Received Heat Transfer 294 | . . 294 Siege Activations . | . . . Robots Corrupted 1 | . 1 . Combat Hostiles . | . . . Parts Fried 3 | . 3 . Impact Corruptions . | . . . Robots Melted . | . . . Combat Hostiles . | . . . Parts Melted . | . . . Heat Transferred 100 | . 50 50 Parts Sabotaged . | . . . Parts Stolen . | . . . Parts Stripped . | . . . Power Chain Reactions 1 | . 1 . Missiles Intercepted . | . . . Alert | -11 -10 -10 ------- Run | Scr Mat Min Peak Influence 240 | . 240 118 Initial 93 | . . 93 Average 95 | . 137 94 Maximum Alert Level 1 | . 1 . Low Security (%) 87 | 100 58 100 Level 1 12 | . 41 . Level 2 . | . . . Level 3 . | . . . Level 4 . | . . . Level 5 . | . . . High Security . | . . . Max Security . | . . . Squads Dispatched 2 | . 2 . Investigation 1 | . 1 . Extermination . | . . . Reinforcement 1 | . 1 . Assault . | . . . Garrison . | . . . Intercept . | . . . Construction Impeded . | . . . Haulers Reinforced . | . . . Stealth | -11 -10 -10 --------- Run | Scr Mat Min Distress Signals 1 | . 1 . Communications Jammed . | . . . Distress Signals . | . . . Times Spotted 14 | . 6 8 Peak Tracking Total 5 | . 3 5 Tactical Retreats 2 | . . 2 Traps | -11 -10 -10 ------- Run | Scr Mat Min Traps Triggered . | . . . Indirectly . | . . . Trap Hack Attempts . | . . . Triggered . | . . . Disarmed . | . . . Reprogrammed . | . . . Reused . | . . . Traps Extracted . | . . . Installed . | . . . Triggered . | . . . Machines | -11 -10 -10 ---------- Run | Scr Mat Min Machines Disabled . | . . . Max in Single Turn . | . . . Machines Sabotaged . | . . . Garrisons Compromised . | . . . Overloaded Fab Kills . | . . . Fab Network Shutdowns . | . . . Hacking | -11 -10 -10 --------- Run | Scr Mat Min Machines Accessed 1 | . 1 . Terminals 1 | . 1 . Fabricators . | . . . Repair Stations . | . . . Recycling Units . | . . . Scanalyzers . | . . . Garrison Access . | . . . Total Hacks 3 | . 3 . Successful 2 | . 2 . Failed 1 | . 1 . Catastrophic . | . . . Database Lockouts . | . . . Manual . | . . . Terminals 3 | . 3 . Fabricators . | . . . Repair Stations . | . . . Recycling Units . | . . . Scanalyzers . | . . . Garrison Access . | . . . Terminal Hacks 2 | . 2 . Level Access Points 1 | . 1 . Zone Layout 1 | . 1 . Fabricator Hacks . | . . . Repair Station Hacks . | . . . Recycling Unit Hacks . | . . . Scanalyzer . | . . . Garrison Access Hacks . | . . . Unauthorized Hacks . | . . . Terminals . | . . . Fabricators . | . . . Repair Stations . | . . . Recycling Units . | . . . Scanalyzers . | . . . Garrison Access . | . . . Data Cores Recovered . | . . . Used . | . . . Hacking Detections 1 | . 1 . Full Trace Events 1 | . 1 . Feedback Events . | . . . Feedback Blocked . | . . . Robot Schematics Acquired . | . . . Robots Built . | . . . Matter . | . . . Time . | . . . Total Robot Build Rating . | . . . Part Schematics Acquired . | . . . Parts Built . | . . . Matter . | . . . Time . | . . . Total Part Build Rating . | . . . Parts Repaired . | . . . Time . | . . . Parts Recycled . | . . . Recycled Matter . | . . . Retrieved Matter . | . . . Retrieved Components . | . . . Parts Scanalyzed . | . . . Part Schematics Acquired . | . . . Parts Damaged . | . . . Bothacking | -11 -10 -10 ------------ Run | Scr Mat Min Used RIF Installer . | . . . Robots Hacked . | . . . Non-combat . | . . . Combat . | . . . Robot Hacks Applied . | . . . Relay Couplers Released . | . . . Robots Rewired . | . . . Allies Hacked . | . . . Hacks Repelled . | . . . Allies | -11 -10 -10 -------- Run | Scr Mat Min Total Allies . | . . . Largest Group . | . . . Highest-Rated Group . | . . . Highest-Rated Ally . | . . . Total Orders . | . . . Ally Attacks . | . . . Total Damage . | . . . Kills . | . . . Allies Corrupted . | . . . Allies Melted . | . . . Intel | -11 -10 -10 ------- Run | Scr Mat Min Robot Analysis Total . | . . . Derelict Logs Recovered 2 | . . 2 Drone Launches . | . . . Drone Recoveries . | . . . Exploration | -11 -10 -10 ------------- Run | Scr Mat Min Turns Passed 294 | 37 87 170 Spaces Moved 253 | 36 72 145 Core 4 | 1 . 3 Treads . | . . . Legs . | . . . Wheels 249 | 35 72 142 Hover . | . . . Flight . | . . . Fastest Speed 50 | 50 80 80 Average Speed 80 | 79 80 80 Slowest Speed 150 | 80 80 150 Overloaded Moves . | . . . Propulsion Burnouts . | . . . Robots Hopped . | . . . Cave-ins Triggered . | . . . Exploration Rate (%) 18 | 3 22 30 Regions Visited 2 Branch Regions 1 Pre-discovered Areas . | . . . Known Exits Taken . | . . . Unknown Exits Taken 2 | 1 1 . Scrap Searched . | . . . Spaces Dug . | . . . Terrain Destroyed 4 | . 4 . Melee . | . . . Projectile . | . . . AOE 4 | . 4 . Terrain Rammed . | . . . Walls Destroyed . | . . . Machines Disabled . | . . . Actions | -11 -10 -10 --------- Run | Scr Mat Min Total 310 | 41 87 182 Wait 14 | . . 14 Move 251 | 35 71 145 Hop . | . . . Pick Up 3 | 1 2 . Fast Attach 12 | 5 1 6 Attach . | . . . Detach . | . . . Swap 1 | . . 1 Drop . | . . . Fire 25 | . 13 12 Melee . | . . . Ram 2 | . . 2 Kick 2 | . . 2 Crush . | . . . Escape Stasis . | . . . Rewire . | . . . Trap . | . . . Miscellaneous . | . . . Route ------- -11/Scrapyard -10/Materials (discovered 4 exits: Mat x3 / [*Min]) -10/Mines (discovered 1 exit: *Mat) History --------- Turn | Location | Event 20 | -11/Scrapyard | Discovered new exit (range 15) 38 | -11/Scrapyard | Entered Materials 113 | -10/Materials | Discovered new exit (range 12) 113 | -10/Materials | Identified exit to Materials 125 | -10/Materials | Entered Mines 203 | -10/Mines | Learned 2 Materials zone layouts 253 | -10/Mines | Learned Materials security intel 254 | -10/Mines | Discovered exit to Materials (range 14) 263 | -10/Mines | Joined a pair of Derelicts in attacking an 0b10 outpost 273 | -10/Mines | Core integrity fell below 50% 292 | -10/Mines | Core integrity fell below 20% 295 | -10/Mines | Destroyed by G-34 Mercenary with Small Laser Last Messages --------------- 00272_ Sml. Laser destroyed. 00274_ Acquired 70 matter. [Achievement: Use The Force] 00275_ Tractor Beam destroyed. 00275_ Wheel destroyed. 00276_ Acquired Targeting Computer. 00279_ Acquired Assault Rifle. 00280_ Targeting Computer destroyed. 00281_ Ion Engine destroyed. 00284_ Acquired Utility Shielding. 00285_ K-01 Serf collects debris. 00288_ Assault Rifle destroyed. 00289_ Y-45 Defender destroyed. 00290_ Acquired Carbon-fiber Leg. 00292_ Slammed into R-06 Scavenger. 00292_ K-01 Serf collects debris. 00293_ Acquired Carbon-fiber Leg. 00293_ R-06 Scavenger collects Sml. Laser. 00294_ K-01 Serf collects debris. 00294_ Slammed into G-47 Trooper. Map ----- +----------------------------------------------------+ | | | | | | | ??????????????????????????????????? | | ??????????????????????????????????? | | ?????????################?????????? | | ????????## #?????????? | | ????????# #### #?????????? | | ????????# #??# #?????????? | | ????????## ##??# #?????????? | | ????????## """ ####### ##????????? | | #######?# """ ##?# ##???????? | | ### """ #??# ##??????? | | ##### #??# ##?????? | | ????######## ##??#### #?????? | | ???????????# #??????# #?????? | | ???????????# #?????# #?????? | | ???????????# #?????# ##?????? | | ???????????# #?????## ###??????? | | ???????????# #??????#####????????? | | ??????????## ##??????######??????? | | ??????????# ##????##"* "##?????? | | ????#####?# ##???# !%!! #?????? | | ??### ### #???# =!Y!!#?????? | | ?## ### #?####kr g######?? | | ## #?## ####?# ##g@## #?? | | # #??# #????# g #?? | | #??# #????# #?? | | #### ###??# #?? | | #??# #?? | | ####### #??# rk #?? | | ###?????# #### !u #?? | | ##???????# #?? | | ##????????# #### #?? | | #?????????# #??# < #?? | | #?????????# #??# #?? | | ##?????????# #??# #?? | | ##??????????# #??# #?? | | #??????????? #??######### ####?? | | ##???????????###??????????? #????? | | #??????????????????????????? #????? | | ???????????????????????????? #????? | | ?????????????????????????????#????? | | ??????????????????????????????????? | | ??????????????????????????????????? | | ??????????????????????????????????? | | ??????????????????????????????????? | | ??????????????????????????????????? | | ??????????????????????????????????? | | ??????????????????????????????????? | +----------------------------------------------------+ Best States ------------- Heat Dissipation 25 Energy Generation 10 Energy Capacity 250 Matter Stores 300 Matter Capacity 300 Sight Range 16 Terrain Scan Density 10 Utility Shielding 33 Evasion (%) 44 Targeting Accuracy 5 Item Schematics ----------------- None Robot Schematics ------------------ None Fabricated ------------ Nothing Alien Tech Used ----------------- None Achievements -------------- Use The Force Challenges ------------ None Game ------ Seed SegregatorDataMeganuke Manual? 0 Play Time 00:07:10 Cumulative 26.7 hours Start 2021.09.18 @ 18:37:07 End 2021.09.18 @ 18:42:44 Sessions 1 Manual Loads 0 Difficulty Rogue Special Mode None Game No. 25 Rogue 25 Adventurer 0 Explorer 0 Win Type - Total 0 Types 0/0/0/0/0/0/0/0/0 Lore% 29 Gallery% 31 Achievement% 23 Wizard Run 0 Options --------- ASCII 0 Keyboard 1 Movement Arrows Keybinds 0 Fullscreen 1 Font 12/Proggy Map View 83x54 Tactical HUD 1 Map Filters NONE Filters NONE Steam 1 RUN: eae355ab-dca9-4e48-840a-65a176762cca